 Dungeon Crawl Stone Soup version 0.31.0-11-ge490571c62 (webtiles) character file.

Game seed: 8208395012559092814

27 browni3141 the Conjurer (level 2, 0/19 HPs)
             Began as a Demonspawn Conjurer on Jan 30, 2024.
             Slain by a ribbon worm (6 damage)
             ... on level 2 of the Dungeon.
             The game lasted 00:01:08 (1319 turns).

browni3141 the Conjurer (Demonspawn Conjurer)       Turns: 1319, Time: 00:01:08

Health: 0/19       AC:  2    Str:  7    XL:     2   Next: 93%
Magic:  1/5        EV: 12    Int: 18    God:
Gold:   37         SH:  0    Dex: 11    Spells: 2/5 levels left

rFire   . . .        c - +0 dagger
rCold   . . .        (no shield)
rNeg    . . .        a - +0 robe
rPois   .            (no helmet)
rElec   .            (no cloak)
rCorr   .            (no gloves)
SInv    .            (no boots)
Will    .....        (no amulet)
Stlth   ++           (no ring)
HPRegen 0.23/turn    (no ring)
MPRegen 0.09/turn

%: no passive effects
@: no status effects
A: powered by pain 1
a: no special abilities


You were on level 2 of the Dungeon.
You visited 1 branch of the dungeon, and saw 2 of its levels.

You collected 37 gold pieces.

Inventory:

Hand Weapons
 c - a +0 dagger (weapon)
Armour
 a - a +0 robe (worn)
Scrolls
 d - a scroll of blinking {unknown}
Potions
 b - a potion of magic


   Skills:
 + Level 2.1 Dodging
 + Level 2.2 Stealth
 + Level 2.3 Spellcasting
 + Level 4.2 Conjurations


You had 2 spell levels left.
You knew the following spells:

 Your Spells              Type           Power      Damage    Failure   Level
a - Magic Dart            Conj           68%        1d6       3%          1
b - Searing Ray           Conj           34%        2d5       4%          2

Your spell library contained the following spells:

 Spells                   Type           Power      Damage    Failure   Level
 Fulminant Prism          Conj/Alch      4%         3d5       58%         4
 Iskenderun's Mystic Bla  Conj/Tloc      9%         2d4       58%         4


Dungeon Overview and Level Annotations

Branches:
Dungeon (2/15)

Altars:


Innate Abilities, Weirdness & Mutations

You sometimes gain a little power by taking damage.


Message History

The magic dart hits the ball python.
You kill the ball python!
The goblin completely misses you. The goblin closely misses you.
The magic dart hits the goblin.
The goblin is moderately wounded.
The goblin closely misses you. The goblin hits you but does no damage.
The magic dart hits the goblin.
You kill the goblin!
The goblin misses you.
The magic dart hits the goblin.
The goblin is severely wounded.
The goblin hits you with a +0 club.
The magic dart hits the goblin.
You kill the goblin!
You are out of magic!
You start memorising the spell.
You continue memorising. x2
You finish memorising.
Spell assigned to 'b'.
HP restored.
Magic restored.
You now have 37 gold pieces (gained 9).
A ball python and a rat come into view.
There are monsters nearby!
There are monsters nearby!
There are monsters nearby!
The magic dart hits the ball python.
The ball python is moderately wounded.
The ball python hisses angrily.
The magic dart hits the ball python.
You kill the ball python!
The magic dart hits the rat.
The rat is heavily wounded.
The rat squeaks loudly.
The magic dart hits the rat but does no damage.
The rat is heavily wounded.
The magic dart hits the rat.
You kill the rat!
You are out of magic!
A ribbon worm comes into view.
A ribbon worm is nearby!
A ribbon worm is nearby!
A ribbon worm is nearby!
You are out of magic!
You are out of magic!
You are out of magic!
You start resting.
Magic restored.
A goblin comes into view. It is wielding a +0 dagger.
A goblin is nearby!
The magic dart hits the goblin.
The goblin is severely wounded.
The goblin shouts!
The magic dart hits the goblin.
You kill the goblin!
A rat comes into view.
The magic dart hits the rat.
You kill the rat!
A ribbon worm is nearby!
A ribbon worm is nearby!
The magic dart hits the ribbon worm.
The ribbon worm is lightly wounded.
The magic dart hits the ribbon worm.
The ribbon worm is heavily wounded.
The magic dart hits the ribbon worm.
The ribbon worm is severely wounded.
You are out of magic!
You are out of magic!
You are out of magic!
You are out of magic!
You are out of magic!
The ribbon worm completely misses you.
You hit the ribbon worm.
The ribbon worm is heavily wounded.
The ribbon worm expels a string of sticky webbing.
The stream of webbing hits you but does no damage.
You are caught in a web!
The web tears apart.
You hit the ribbon worm.
The ribbon worm is heavily wounded.
The ribbon worm bites you but does no damage.
You hit the ribbon worm.
The ribbon worm is severely wounded.
The ribbon worm misses you.
You hit the ribbon worm.
The ribbon worm is severely wounded.
The ribbon worm barely misses you.
You barely miss the ribbon worm.
The ribbon worm is severely wounded.
The ribbon worm bites you.
You completely miss the ribbon worm.
The ribbon worm is severely wounded.
You barely miss the ribbon worm.
The ribbon worm is severely wounded.
The ribbon worm closely misses you.
You hit the ribbon worm.
The ribbon worm is severely wounded.
The ribbon worm bites you!
You hit the ribbon worm but do no damage.
The ribbon worm is severely wounded.
The ribbon worm bites you.
You die...

#.#...#
.#.#####.#...#
.........#...# .
.............#
..##.#######...#
). #......## #.
#.####.## .##..
#.###...##
......##@##.....##
#......w.......#
###.#..##.....## #
#..###....# ...#
##.#.# .#.## #.#.#
....# #.#.# .. ...
..#.# ......# #
#.w


You could see a ribbon worm.

Vanquished Creatures
  A dart slug (D:1)
  3 bats (D:1)
  An endoplasm (D:1)
  2 giant cockroaches (D:1)
  4 goblins
  A hobgoblin (D:1)
  A kobold (D:1)
  A quokka (D:1)
  4 ball pythons
  A frilled lizard (D:1)
  3 rats
  A butterfly (D:1)
23 creatures vanquished.

Notes
Turn   | Place    | Note
-------+----------+-------------------------------------------
     0 | D:1      | browni3141 the Demonspawn Conjurer began the quest for the
                  | Orb.
     0 | D:1      | Reached XP level 1. HP: 13/13 MP: 3/3
   373 | D:1      | Gained mutation: You sometimes gain a little power by
                  | taking damage. [demonic ancestry]
   373 | D:1      | Reached XP level 2. HP: 17/19 MP: 0/5
   591 | D:1      | Found a faded altar of an unknown god.
  1157 | D:2      | Learned a level 2 spell: Searing Ray
  1319 | D:2      | Slain by a ribbon worm

Illustrated notes

Levels and vault maps discovered:
D:1:      spicycebolla_arrival_clurvy, layout_loops_corners,
          ebering_ecumenical_altar_box
D:2:      minmay_wonky_spiral, layout_loops_ring, serial_bayou_lake_a,
          uniq_jessica

Skill      XL: |  1 |
---------------+----+-----
Stealth        | 2 |  2.2
Dodging        | 2 |  2.1
Spellcasting   | |  2.3
Conjurations   | |  4.2

Action                     || total
---------------------------++-------
  Melee: Unarmed           ||    30
         Dagger            ||    20
   Cast: Magic Dart        ||    45
   Stab: Sleeping          ||     1
 Armour: Robe              ||    28
  Dodge: Dodged            ||    51
